 Dungeon Crawl Stone Soup version bcrawl-1.12-8-g964540c432 (webtiles) character file.

Game seed: 6679421975871578586

4017 MisterOstroum the Basher (level 10, 0/59 HPs)
             Began as a Gargoyle Fighter on June 5, 2019.
             Was a Believer of Okawaru.
             Slain by a centaur warrior (2 damage)
             ... on level 8 of the Dungeon.
             The game lasted 00:18:31 (9528 turns).

MisterOstroum the Basher (Gargoyle Fighter)         Turns: 9528, Time: 00:18:31

Health: 0/59       AC: 15    Str: 22    XL:     10   Next: 23%
Magic:  10/10      EV:  8    Int: 10    God:    Okawaru [**....]
Gold:   420        SH: 10    Dex:  9    Spells: 9/9 levels left

rFire    . . .     SeeInvis .   a - +0 whip (elec)
rCold    . . .     Gourm    .   c - +0 shield
rNeg     + . .     Faith    .   b - +0 scale mail
rPois    ∞         Spirit   .   (no helmet)
rElec    +         Reflect  .   (no cloak)
rCorr    .         Harm     .   (no gloves)
MR       .....                  (no boots)
Stlth    ..........             (no amulet)
HPRegen  0.19/turn              D - ring of flight
MPRegen  0.12/turn              (no ring)

@: no status effects
A: negative energy resistance 1, electricity resistance, unbreathing,
petrification resistance, rot immunity, AC +7
a: Heroism, Renounce Religion, Evoke Flight


You were on level 8 of the Dungeon.
You worshipped Okawaru.
Okawaru was pleased with you.
You were very hungry.

You visited 2 branches of the dungeon, and saw 9 of its levels.

You collected 510 gold pieces.
You spent 90 gold pieces at shops.

Inventory:

Hand Weapons
 a - a +0 whip of electrocution (weapon)
 x - a +0 blowgun
 F - a +0 morningstar
Missiles
 k - 1824 stones
 C - 43 tomahawks (quivered)
Armour
 b - a +0 scale mail (worn)
 c - a +0 shield (worn)
 G - the +2 robe of the Pink Corner {Dex+4, unknown}
   (You found it on level 8 of the Dungeon)

   It affects your dexterity (+4).
 H - a +0 helmet
Magical Staves
 B - an uncursed staff of earth
Jewellery
 D - a ring of flight (left hand)
Wands
 E - a wand of enslavement (12)
 I - a wand of paralysis (9)
Scrolls
 f - 5 scrolls of remove curse {unknown}
 g - 7 scrolls of identify {@r1}
 h - 3 scrolls of fog {unknown}
 i - 3 scrolls of teleportation {unknown}
 j - 4 scrolls of blinking {unknown}
 l - 3 scrolls of amnesia {unknown}
 r - a scroll of summoning {unknown}
 s - a scroll of immolation {unknown}
 w - a scroll of enchant weapon {unknown}
 y - a scroll of enchant armour
 A - 2 scrolls of magic mapping {unknown}
Potions
 d - 2 potions of might {@q3 !q}
 m - 2 potions of agility {@q5 !q}
 n - 4 potions of flight {unknown}
 o - 2 potions of mutation {unknown}
 p - a potion of magic {unknown}
 q - 3 potions of degeneration {unknown}
 t - 4 potions of curing {unknown}
 u - 2 potions of ambrosia {unknown}
 v - 2 potions of heal wounds {unknown}
 z - a potion of brilliance {unknown}
Comestibles
 e - 11 rations {!d}


   Skills:
 * Level 5.1 Fighting
 * Level 9.6 Maces & Flails
 + Level 5.3 Throwing
 - Level 7.3 Armour
 + Level 7.4 Shields


You had 9 spell levels left.
You didn't know any spells.
Your spell library was empty.

Dungeon Overview and Level Annotations

Branches:
Dungeon (8/12)             Temple (1/1) D:6
   Lair: D:7-10         Orc: D:8-11

Altars:
Ashenzari
Cheibriados
Dithmenos
Elyvilon
Fedhas
Gozag
Hepliaklqana
Kikubaaqudgha
Lugonu
Makhleb
Nemelex Xobeh
Okawaru
Qazlal
Ru
Sif Muna
Trog
Uskayaw
Vehumet
Wu Jian
Xom
Yredelemnul
The Shining One

Shops:
D:5 *


Innate Abilities, Weirdness & Mutations

You are resistant to torment.
Your stone body is resilient. (AC +7)
You are immune to poison.
You resist negative energy. (rN+)
You are resistant to electric shocks. (rElec)
You can survive without breathing.
You are immune to petrification.
You are immune to rotting.


Message History

You block the troll's attack.
You hit the troll.
The troll is heavily wounded.
You closely miss the troll.
The troll is heavily wounded.
The troll barely misses you. You block the troll's attack. The troll claws you!
You are too injured to fight recklessly!
You are too injured to fight recklessly!
You are too injured to fight recklessly!
You are too injured to fight recklessly!
You hit the troll. Lightning courses through the troll!
The troll is severely wounded.
The troll completely misses you. The troll claws you but does no damage.
You block the troll's attack.
You hit the troll but do no damage.
The troll is severely wounded.
You hit the troll.
The troll is almost dead.
You block the troll's attack. The troll barely misses you. x2
You closely miss the troll.
The troll is almost dead.
The troll bites you! The troll claws you but does no damage.
You block the troll's attack.
You hit the troll.
The troll is almost dead.
You hit the troll but do no damage.
The troll is almost dead.
The troll bites you but does no damage. The troll claws you but does no damage.
The troll claws you.
* * * LOW HITPOINT WARNING * * *
You hit the troll.
You kill the troll!
Okawaru is honoured by your kill.
You see here a scorpion corpse.
You are feeling hungry.
E - a wand of enslavement (12)
You are feeling very hungry.
I - a wand of paralysis (9)
Found 100 arrows.
Found a stone staircase leading down.
You now have 403 gold pieces (gained 22).
You now have 420 gold pieces (gained 17).
j - 4 scrolls labeled MAENOWK TEPNIN (gained 1)
A - 2 scrolls labeled AMOEKU LOLOA (gained 1)
An adder comes into view.
The adder hisses angrily.
You hear a shout!
That item cannot be evoked!
Unknown command.
Throwing (i - inventory. (/) - cycle)
C - 49 tomahawks (quivered)
Press: ? - help, Shift-Dir - straight line, f - adder
Aim: an adder You throw a tomahawk.
The tomahawk hits the adder!
You kill the adder!
Okawaru accepts your kill.
A centaur warrior comes into view.
The centaur warrior wields a +0 shortbow.
The centaur warrior shoots an arrow.
The arrow misses you.
Throwing (i - inventory. (/) - cycle)
C - 48 tomahawks (quivered)
Press: ? - help, Shift-Dir - straight line, f - centaur warrior
Aim: a centaur warrior, wielding a +0 shortbow You throw a tomahawk.
The tomahawk hits the centaur warrior.
The centaur warrior is lightly wounded.
The centaur warrior shoots an arrow.
You block the arrow.
Throwing (i - inventory. (/) - cycle)
C - 47 tomahawks (quivered)
Press: ? - help, Shift-Dir - straight line, f/p - centaur warrior
Aim: a centaur warrior, wielding a +0 shortbow (lightly wounded)
You throw a tomahawk.
The tomahawk hits the centaur warrior but does no damage.
The centaur warrior is lightly wounded.
The centaur warrior shoots an arrow.
The arrow barely misses you.
Throwing (i - inventory. (/) - cycle)
C - 46 tomahawks (quivered)
Press: ? - help, Shift-Dir - straight line, f/p - centaur warrior
Aim: a centaur warrior, wielding a +0 shortbow (lightly wounded)
You throw a tomahawk.
The tomahawk barely misses the centaur warrior.
The centaur warrior shoots an arrow.
You block the arrow.
Throwing (i - inventory. (/) - cycle)
C - 45 tomahawks (quivered)
Press: ? - help, Shift-Dir - straight line, f/p - centaur warrior
Aim: a centaur warrior, wielding a +0 shortbow (lightly wounded)
You throw a tomahawk.
The tomahawk barely misses the centaur warrior.
The centaur warrior shoots an arrow.
The arrow barely misses you.
The centaur warrior shoots an arrow.
The arrow hits you!
Throwing (i - inventory. (/) - cycle)
C - 44 tomahawks (quivered)
Press: ? - help, Shift-Dir - straight line, f/p - centaur warrior
Aim: a centaur warrior, wielding a +0 shortbow You throw a tomahawk.
The tomahawk barely misses the centaur warrior.
The centaur warrior shoots an arrow.
The arrow hits you.
The centaur warrior shoots an arrow.
The arrow hits you!
The centaur warrior shoots an arrow.
The arrow hits you!
The centaur warrior shoots an arrow.
The arrow hits you!
* * * LOW HITPOINT WARNING * * *
The centaur warrior unwields a +0 shortbow.
The centaur warrior hits you!
* * * LOW HITPOINT WARNING * * *
You see here an adder corpse.
You hit the centaur warrior but do no damage.
The centaur warrior hits you.
You die...

#.# #.#
#.# #.#
#.# # #.#
. #.# .
###.#####
.
#...@...#
.
#...c...#
#
#.......#
#.......#
#.......#
###.#####
#.# ..


You could see a centaur warrior.

Vanquished Creatures
  A two-headed ogre (D:8)
  Pikel (D:5)
  A troll (D:8)
  2 hippogriffs (D:6)
  A hungry ghost (D:8)
  Menkaure (D:5)
  2 orc warriors
  3 sky beasts
  2 ogres
  A big kobold (D:6)
  A bullfrog (D:7)
  2 scorpions
  5 killer bees (D:6)
  4 crimson imps
  A hound (D:8)
  8 orc wizards
  6 orc priests
  3 bullfrog skeletons
  Jessica (D:4)
  An iguana (D:5)
  6 worker ants
  A killer bee zombie (D:7)
  A howler monkey zombie (D:5)
  5 adders
  A shadow imp (D:7)
  An ooze (D:3)
  3 worms
  10 dart slugs
  3 leopard geckos
  29 orcs
  6 bats
  2 giant cockroaches (D:2)
  11 goblins
  10 hobgoblins
  2 jackals (D:3)
  15 kobolds
  8 quokkas
  2 ball pythons
  6 frilled lizards
  A rat (D:3)
170 creatures vanquished.

Vanquished Creatures (others)
  4 slaves (D:5)
  An orc priest (D:5)
  A worker ant (D:5)
  An orc (D:5)
7 creatures vanquished.

Grand Total: 177 creatures vanquished

Notes
Turn   | Place    | Note
-------+----------+-------------------------------------------
     0 | D:1      | MisterOstroum the Gargoyle Fighter began the quest for the
                  | Orb.
     0 | D:1      | Reached XP level 1. HP: 14/14 MP: 1/1
   139 | D:1      | Reached XP level 2. HP: 19/19 MP: 2/2
   543 | D:1      | Reached XP level 3. HP: 24/24 MP: 3/3
   752 | D:1      | Reached skill level 3 in Maces & Flails
  1345 | D:2      | Found an opulent altar of Gozag.
  1345 | D:2      | Found a radiant altar of Vehumet.
  1441 | D:2      | Reached XP level 4. HP: 30/30 MP: 4/4
  1867 | D:2      | Noticed Jessica
  2856 | D:2      | Found an opulent altar of Gozag.
  2857 | D:2      | Found a radiant altar of Vehumet.
  3066 | D:3      | Reached XP level 5. HP: 33/34 MP: 5/5
  3135 | D:3      | Reached skill level 5 in Fighting
  3135 | D:3      | Reached skill level 4 in Maces & Flails
  3794 | D:3      | Noticed an ogre
  3804 | D:3      | Killed an ogre
  3804 | D:3      | Reached skill level 1 in Throwing
  3804 | D:3      | Reached XP level 6. HP: 40/40 MP: 6/6
  4340 | D:4      | Killed Jessica
  4776 | D:5      | Entered Level 5 of the Dungeon
  4776 | D:5      | Noticed Pikel
  4776 | D:5      | Noticed a slave
  4776 | D:5      | Noticed a slave
  4776 | D:5      | Noticed a slave
  4776 | D:5      | Noticed a slave
  4783 | D:5      | Noticed Menkaure
  4809 | D:5      | Killed Pikel
  4809 | D:5      | Reached skill level 6 in Maces & Flails
  4809 | D:5      | Reached XP level 7. HP: 15/44 MP: 7/7
  4809 | D:5      | Reached XP level 8. HP: 17/49 MP: 8/8
  5142 | D:5      | Found a shadowy altar of Dithmenos.
  5364 | D:5      | Killed Menkaure
  5364 | D:5      | Reached skill level 5 in Armour
  5364 | D:5      | Reached skill level 5 in Shields
  5587 | D:5      | Found an ornate altar of the Wu Jian Council.
  5755 | D:5      | Found Cucrok's General Store.
  5765 | D:5      | Bought a scroll of enchant armour for 90 gold pieces
  5807 | D:6      | Found a staircase to the Ecumenical Temple.
  5902 | Temple   | Entered the Ecumenical Temple
  5957 | Temple   | Became a worshipper of Warmaster Okawaru
  6133 | D:6      | Found a snail-covered altar of Cheibriados.
  6721 | D:6      | Noticed a hippogriff
  6729 | D:6      | Killed a hippogriff
  6729 | D:6      | Reached skill level 7 in Maces & Flails
  6764 | D:6      | Noticed a hippogriff
  6774 | D:6      | Killed a hippogriff
  6774 | D:6      | Reached * piety under Okawaru
  6774 | D:6      | Reached XP level 9. HP: 50/54 MP: 9/9
  6813 | D:6      | Found a glowing golden altar of the Shining One.
  6813 | D:6      | Found a corrupted altar of Lugonu.
  7576 | D:7      | Reached skill level 8 in Maces & Flails
  8508 | D:8      | Reached ** piety under Okawaru
  8628 | D:8      | Got a twisted robe
  8724 | D:8      | Found a snail-covered altar of Cheibriados.
  8833 | D:8      | Noticed a two-headed ogre
  8850 | D:8      | Reached skill level 9 in Maces & Flails
  8860 | D:8      | Killed a two-headed ogre
  8860 | D:8      | Reached skill level 5 in Throwing
  8860 | D:8      | Reached XP level 10. HP: 27/59 MP: 8/10
  9519 | D:8      | Noticed a centaur warrior
  9527 | D:8      | HP: 2/59 [centaur warrior (8)]
  9528 | D:8      | Slain by a centaur warrior

Skill      XL: |  1  2  3  4  5  6  7  8  9 |
---------------+----------------------------+-----
Fighting       | 4 5 |  5.1
Maces & Flails | 3 4 6 7 9 |  9.6
Throwing       | 1 2 3 5 |  5.3
Armour         | 4 5 7 |  7.3
Shields        | 4 5 7 |  7.4

Action                   |  1- 3 |  4- 6 |  7- 9 | 10-12 || total
-------------------------+-------+-------+-------+-------++-------
Melee: Flail             |   135 |   106 |     4 |       ||   245
       Mace              |       |    73 |       |       ||    73
       Whip              |       |       |   412 |    29 ||   441
       Morningstar       |       |       |     2 |       ||     2
Throw: Stone             |    78 |   105 |   127 |     1 ||   311
       Tomahawk          |       |       |    53 |     9 ||    62
Invok: Heroism           |       |       |     1 |       ||     1
  Use: Potion            |       |     2 |       |       ||     2
       Scroll            |       |     1 |       |       ||     1
  Eat: Chunk             |     2 |     9 |    13 |     1 ||    25
       Ration            |       |       |     1 |       ||     1
Armor: Scale mail        |    60 |   110 |   194 |    10 ||   374
Dodge: Dodged            |    43 |    53 |    99 |    16 ||   211
Block: Shield            |    73 |   105 |   195 |    15 ||   388
